 Dungeon Crawl Stone Soup version 0.21-a0-460-g737a915 (webtiles) character file.

56 slep the Slasher (level 3, -18/29 HPs)
             Began as a Demonspawn Monk on Nov 20, 2017.
             Demolished by an ogre
             ... wielding a +0 giant club
              (24 damage)
             ... on level 3 of the Dungeon.
             The game lasted 00:05:27 (1435 turns).

slep the Slasher (Demonspawn Monk)                  Turns: 1435, Time: 00:05:28

Health: -18/29     AC:  3    Str: 12    XL:     3   Next: 69%
Magic:  3/3        EV: 13    Int: 11    God:
Gold:   91         SH:  0    Dex: 15    Spells: 2/2 levels left

rFire    . . .     SeeInvis .   a - +0 falchion
rCold    . . .     Gourm    .   (no shield)
rNeg     . . .     Faith    .   y - +0 leather armour (curse)
rPois    .         Spirit   .   (helmet restricted)
rElec    .         Reflect  .   (no cloak)
rCorr    .         Harm     .   (no gloves)
MR       .....                  (no boots)
Stlth    ++........             (no amulet)
HPRegen  0.09/turn              (no ring)
MPRegen  0.08/turn              (no ring)

@: no status effects
A: antennae 1, talons 1
a: no special abilities


You were on level 3 of the Dungeon.
You were hungry.

You visited 1 branch of the dungeon, and saw 3 of its levels.

You collected 91 gold pieces.

Inventory:

Hand Weapons
 a - a +0 falchion (weapon)
Missiles
 w - 21 poisoned needles
Armour
 b - a +0 robe
 u - a +0 chain mail
 y - a cursed +0 leather armour (worn)
Scrolls
 d - a scroll of enchant weapon {unknown}
 e - 3 scrolls of identify {unknown}
 f - 2 scrolls of teleportation {unknown}
 j - a scroll of magic mapping {unknown}
 k - a scroll of random uselessness {unknown}
 l - a scroll of enchant armour {unknown}
 o - a scroll of remove curse {unknown}
 p - a scroll of immolation {unknown}
 q - a scroll of fear {unknown}
 r - 2 scrolls of amnesia {unknown}
 x - a scroll of noise {unknown}
Potions
 g - a potion of resistance {unknown}
 h - 2 potions of heal wounds {unknown}
 m - a potion of flight {unknown}
 n - a potion of magic {unknown}
 t - a potion of mutation {unknown}
 v - a potion of degeneration {unknown}
 z - a potion of cancellation {unknown}
Comestibles
 c - 2 bread rations
 i - a royal jelly
 s - 2 meat rations


   Skills:
 + Level 3.4 Fighting
 + Level 3.5 Long Blades
 + Level 0.1 Armour
 + Level 3.0 Dodging
 + Level 2.0 Stealth


You had 2 spell levels left.
You didn't know any spells.

Dungeon Overview and Level Annotations

Branches:
Dungeon (3/15)

Altars:
Kikubaaqudgha


Innate Abilities, Weirdness & Mutations

You have a pair of small antennae on your head.
You have sharp toenails.


Message History

The ogre is moderately wounded.
The ogre closely misses you.
A hobgoblin comes into view. It is wielding a club.
The hobgoblin shouts!
You hit the ogre.
The ogre is heavily wounded.
The ogre hits you with a giant club!
Ouch! That really hurt!
* * * LOW HITPOINT WARNING * * *
You hit the ogre. You claw the ogre.
The ogre is severely wounded.
The ogre completely misses you.
You hit the ogre. You claw the ogre, but do no damage.
The ogre is severely wounded.
The ogre closely misses you.
You barely miss the ogre. Your kick misses the ogre.
The ogre is severely wounded.
The ogre hits you with a giant club!!
Ouch! That really hurt!
You die...

#......####........
#########..............
##.........######.....
#..............##.... ..
#................#.#####.#
#.######.................
#........g.....#.#.#...#
########.#O#.#.#.#.#...#
#.#@#.#.#.#.#...#
..#.#.#.........+
...#.#.##.##.#...#
....#.#.#.........#
.....#.#.#..##.###.#
#.#.......# #.#
#.###..#### #.# #.# #..#
#.# ... #..# #.#


You could see an ogre and a hobgoblin.

Vanquished Creatures
  An adder (D:2)
  3 leopard geckos
  3 ball pythons
  6 goblins
  A hobgoblin (D:1)
  12 jackals
  3 quokkas (D:2)
  3 bats (D:1)
  A frilled lizard (D:1)
  2 kobolds (D:1)
  2 rats (D:1)
37 creatures vanquished.

Vanquished Creatures (others)
  A human (D:2)
1 creature vanquished.

Grand Total: 38 creatures vanquished

Notes
Turn   | Place    | Note
-------+----------+-------------------------------------------
     0 | D:1      | slep the Demonspawn Monk began the quest for the Orb.
     0 | D:1      | Reached XP level 1. HP: 18/18 MP: 1/1
   163 | D:1      | Gained mutation: You have sharp toenails. [demonic ancestry]
   163 | D:1      | Reached XP level 2. HP: 16/24 MP: 2/2
   708 | D:2      | Gained mutation: You have a pair of small antennae on your head. [demonic ancestry]
   708 | D:2      | Reached XP level 3. HP: 29/29 MP: 3/3
  1160 | D:2      | Found an ancient bone altar of Kikubaaqudgha.
  1310 | D:2      | Noticed a human
  1311 | D:2      | Killed a human
  1416 | D:3      | Noticed an ogre
  1435 | D:3      | Demolished by an ogre

Vault maps used:
D:1:      dpeg_arrival_shrine
D:2:      hangedman_decor_growths, tgw_kikubaaqudgha
D:3:      minmay_hedge_maze, uniq_sigmund, uniq_natasha

Skill      XL: |  1  2  3 |
---------------+----------+-----
Long Blades    | 3 |  3.5
Stealth        | 2 |  2.0
Dodging        | 3 |  3.0
Fighting       | |  3.4
Armour         | |  0.1

Action                   || total
-------------------------++-------
Melee: Falchion          ||   111
       Kick              ||    25
 Stab: Sleeping          ||     4
  Eat: Chunk             ||     1
Armor: Robe              ||    11
       Chain mail        ||    49
Dodge: Dodged            ||    70
       Rpst.: Falchion   ||    22

Table legend:
 A = Spawn XP
 B = Non-spawn XP
 C = Spawn XP percentage of total XP
 D = Spawn monster count
 E = Non-spawn monster count
 F = Spawn count percentage of total count
 G = Total turns spent on level
                    A         B        C        D         E        F      G
               +---------+---------+-------+---------+---------+-------+---------
         Total |       0 |      80 |   0.0 |       0 |      37 |   0.0 |  1435
               +---------+---------+-------+---------+---------+-------+---------
           D:1 |       0 |      33 |   0.0 |       0 |      20 |   0.0 |   686
           D:2 |       0 |      47 |   0.0 |       0 |      17 |   0.0 |   643
               +---------+---------+-------+---------+---------+-------+---------
